Description

Adaptation of Maru vs Innovation by uThermal, watch the video for his commentary. Barracks first into double gas for faster tech with a drop to delay opponent's economy. Particularly effective against double gas.

VOD

https://www.youtube.com/watch?v=BwsjZKhtwh4&ab_channel=uThermal

Replay - 2020-10-26 - (T)soul VS (T)uwuThermal

Build Order

Get SALT Encoding   

  12  0:00  SCV  
  13  0:12  SCV  
  14  0:16  Supply Depot  
  14  0:24  SCV  
  15  0:38  SCV  
  15  0:39  Barracks  Built by supply depot scv
  16  0:43  Refinery  Stack on completion
  16  0:50  SCV  
  16  0:52  Refinery  Stack on completion
  17  1:02  SCV  
  18  1:14  SCV  
  19  1:26  Reaper, Orbital Command  
  19  1:28  Supply Depot  Built by SCV from racks
  20  1:42  Factory  At 1:50 pull 3 scvs off gas
  20  1:52  SCV  
  21  1:58  Reaper  Can use to pressure with other reaper
  22  2:04  SCV  
  23  2:17  SCV  
  24  2:25  Command Center  Could be faster
  24  2:29  SCV  
  24  2:32  Hellion  Put another scv on gas (4 total) as factory completes
  24  2:34  Barracks Reactor  
  26  2:41  SCV  
  27  2:45  Starport  
  27  2:53  SCV  
  27  2:54  Supply Depot  
  28  3:01  Widow Mine  Burrow on ramp while waiting for medivac
  28  3:05  SCV  
  31  3:16  Marine x2  Finish saturating gasses after 16/16 on minerals
  31  3:17  SCV  
  34  3:22  Factory Tech Lab, Medivac  
  36  3:29  SCV  
  36  3:33  Marine x2  
  39  3:37  Orbital Command  
  42  3:41  Cyclone  
  42  3:43  SCV  
  42  3:47  Refinery  
  43  3:51  Marine x2  Load 4 marines 2 reapers and widow mine in medivac for yolo drop
  45  3:57  Starport Tech Lab  
  45  3:58  SCV x2  
  45  4:00  Supply Depot  
  46  4:09  Marine x2  
  48  4:10  SCV x2  
  48  4:16  Raven  
  53  4:22  SCV  
  53  4:24  Supply Depot  
  54  4:28  Marine x2  
  54  4:30  SCV  
  57  4:32  Siege Tank  
  57  4:37  SCV x2  
  62  4:47  Marine x2, Supply Depot  
  62  4:49  SCV x2  
  65  4:59  Raven  
  68  5:01  SCV x2  
  70  5:08  Command Center  Can cut a few marines to get faster 3rd CC if greedy
  70  5:12  Siege Tank  
  70  5:13  Marine  
  74  5:17  Refinery  
  74  5:20  SCV, Supply Depot  
  75  5:23  Marine  
  75  5:27  SCV  
  77  5:31  Marine  
  77  5:33  Supply Depot  
  78  5:40  Supply Depot  
  78  5:41  SCV x2  
  78  5:42  Raven  
  82  5:44  Marine  
  82  5:49  Marine  
  84  5:53  SCV x2  
  84  5:54  Siege Tank  
  84  5:56  Supply Depot  
  89  6:02  Marine x2  
  90  6:05  SCV x2, Engineering Bay  
  93  6:17  SCV x2  
  95  6:29  Siege Tank  
  95  6:30  SCV x2  
  95  6:32  Factory x2  Starport goes on barracks reactor, then factory on starport techlab and additional factory.
  99  6:38  Barracks Reactor  
  99  6:40  Viking x2  
  99  6:42  SCV x2  
  99  6:43  Refinery x2, Orbital Command  
  105  6:54  SCV x2  
  106  6:58  Supply Depot  
  110  7:01  Siege Tank  
  110  7:06  SCV x3  
  110  7:10  Viking x2  
  115  7:17  Supply Depot  
  115  7:18  SCV x3  
  115  7:20  Siege Tank  
  121  7:26  Supply Depot  
  121  7:28  Hellion x2  
  125  7:30  SCV x3  
  125  7:33  Hellion  
  130  7:40  Viking x2  
  130  7:42  SCV x3  
  133  7:51  Hellion x2  
  133  7:58  SCV x2  
Spawning Tool Build Advisor. Get it on Overwolf

Analysis

Scouting tips from uThermal: SCV scout on 17 to check for proxy, possible to delay natural if reaper expand. If quick wall off or slow factory then likely barracks first double gas and nothing to worry about. If quick factory (check own factory timing) proceed as normal but try to scout natural timing, if later than 2:35 then need to adapt to deal with 1-1-1. If one base 1-1-1 then instead of widow mine build tech lab ASAP and go siege tank viking marine.

Go to:

Details

  • Created by: LiberTea
  • Published on: Nov 03, 2020
  • Modified on: Nov 03, 2020
  • Patch: 4.11.0
  • Difficulty: Medium
Show
View Real Time Build Order
Export as new Build Order

Comments (0)

There are no comments. Be the first!

Create an account to comment!